 Dungeon Crawl Stone Soup version 0.29.1-15-g9cfb28693d (webtiles) character file.

Game seed: 3373864690476991449

1715 BuddhaDhamma the Cleaver (level 8, 0/64 HPs)
             Began as a Minotaur Berserker on Mar 23, 2023.
             Was a Priest of Trog.
             Splashed by a jelly's acid (4 damage)
             ... on level 5 of the Dungeon.
             The game lasted 00:05:55 (3701 turns).

BuddhaDhamma the Cleaver (Minotaur Berserker)       Turns: 3701, Time: 00:05:55

Health: 0/64       AC: 12    Str: 25    XL:     8   Next: 74%
Magic:  7/7        EV:  7    Int:  4    God:    Trog [***...]
Gold:   175        SH:  0    Dex:  9    Spells: 7/7 levels left

rFire   . . .      SeeInvis .   b - +0 war axe
rCold   . . .      Faith    .   (no shield)
rNeg    . . .      Spirit   .   t - +0 plate armour
rPois   +          Reflect  .   (helmet restricted)
rElec   .          Harm     .   e - +0 cloak
rCorr   .          Rampage  .   (no gloves)
Will    .....                   (no boots)
Stlth   ..........              (no amulet)
HPRegen 0.20/turn               c - ring of poison resistance
MPRegen 0.10/turn               (no ring)

@: on berserk cooldown, slowed, very slow
A: horns 2, retaliatory headbutt
a: Renounce Religion, Berserk, Trog's Hand


You were on level 5 of the Dungeon.
You worshipped Trog.
Trog was most pleased with you.
You visited 1 branch of the dungeon, and saw 6 of its levels.

You collected 213 gold pieces.
You spent 38 gold pieces at shops.

Inventory:

Hand Weapons
 b - a +0 war axe (weapon)
Armour
 e - a +0 cloak (worn)
 t - a +0 plate armour (worn)
Jewellery
 c - a ring of poison resistance (left hand)
 d - a ring of fire
Wands
 r - a wand of quicksilver (6)
 w - a wand of iceblast (8)
Scrolls
 g - 5 scrolls of identify {unknown}
 i - 3 scrolls of immolation {unknown}
 j - a scroll of poison {unknown}
 k - 3 scrolls of teleportation {unknown}
 o - a scroll of enchant armour {unknown}
 p - a scroll of butterflies {unknown}
 q - a scroll of brand weapon {unknown}
 s - a scroll of fear {unknown}
 v - a scroll of amnesia {unknown}
Potions
 a - a potion of resistance {unknown}
 f - a potion of curing {unknown}
 h - 3 potions of heal wounds {unknown}
 l - a potion of mutation {unknown}
 m - 2 potions of attraction {unknown}
 n - 2 potions of lignification {unknown}
 u - a potion of flight {unknown}
 x - a potion of might {unknown}
 z - a potion of haste


   Skills:
 - Level 3.6 Fighting
 + Level 13.7 Axes
 - Level 2.4 Armour
 - Level 2.1 Dodging


You had 7 spell levels left.
You didn't know any spells.
Your spell library was empty.

Dungeon Overview and Level Annotations

Branches:
Dungeon (6/15)
 Temple: D:4-7

Altars:
Nemelex Xobeh
Zin

Shops:
D:1 ::(=*   D:4 *


Innate Abilities, Weirdness & Mutations

You have a pair of horns on your head.
You reflexively headbutt those who attack you in melee.


Message History

Found a robe.
The two-headed ogre shouts in stereo!
The jelly quivers.
The two-headed ogre closely misses you.
The two-headed ogre hits you with a +0 giant spiked club!!
A red film seems to cover your vision as you go berserk!
You feel yourself moving faster!
You feel mighty!
You slash the two-headed ogre! You headbutt the two-headed ogre!!
The two-headed ogre is severely wounded.
The two-headed ogre hits you with a +0 giant spiked club.
The two-headed ogre hits you with a +0 giant spiked club!!
* * * LOW HITPOINT WARNING * * *
You hit the two-headed ogre.
Your headbutt misses the two-headed ogre.
The two-headed ogre is severely wounded.
You hit the two-headed ogre.
The two-headed ogre is almost dead.
You slice the two-headed ogre!!
You kill the two-headed ogre!
Trog accepts your kill.
Your Axes skill increases to level 13!
Things that are here:
a +0 giant spiked club; a +0 giant spiked club; a two-headed ogre corpse You feel a strong urge to attack something.
You are no longer berserk.
You are exhausted.
You feel yourself slow down.
Things that are here:
a +0 giant spiked club; a +0 giant spiked club; a two-headed ogre corpse The jelly hits you but does no damage.
You slash the jelly!
Your hands burn!
* * * LOW HITPOINT WARNING * * *
Your headbutt misses the jelly.
The jelly is severely wounded.
The jelly hits you but does no damage. The jelly hits you.
* * * LOW HITPOINT WARNING * * *
You are splashed with acid!
* * * LOW HITPOINT WARNING * * *
You hit the jelly but do no damage.
Your hands burn!
You die...

#########
##########.......#
#.<.....##)#####.#
#.#.....##@####
##.#.###...J...#
######....#
#.##.##.#
#.......#.###.##.#
#
#.####........##..
#.........##.####..
#.##.#..####.# [#.
#............# .#.J
#....##.###### .#
#.


You could see a jelly.

Vanquished Creatures
  A two-headed ogre (D:5)
  Sigmund (D:3)
  A water moccasin (D:5)
  4 black bears (D:5)
  An ogre (D:5)
  A scorpion (D:5)
  2 hounds
  2 orc wizards
  Natasha (thrice) (D:3)
  Robin (D:4)
  7 adders
  An ufetubus (D:5)
  2 worms
  3 dart slugs
  9 orcs
  6 ball pythons
  3 endoplasms
  2 giant cockroaches
  13 goblins
  10 hobgoblins
  4 jackals (D:1)
  3 quokkas
  4 bats
  6 frilled lizards
  7 kobolds
  5 rats
102 creatures vanquished.

Notes
Turn   | Place    | Note
-------+----------+-------------------------------------------
     0 | D:1      | BuddhaDhamma the Minotaur Berserker began the quest for the
                  | Orb.
     0 | D:1      | Reached XP level 1. HP: 19/19 MP: 0/0
   143 | D:1      | Reached skill level 4 in Axes
   153 | D:1      | Found a faded altar of an unknown god.
   155 | D:1      | Found Bukhle's Jewellery Shop.
   162 | D:1      | Reached XP level 2. HP: 17/26 MP: 1/1
   299 | D:1      | Found Itwory's Assorted Antiques.
   448 | D:1      | Found Elodym's Book Boutique.
   498 | D:1      | Found Hyebb's Book Emporium.
   557 | D:1      | Found Vylig's Weapon Shop.
   566 | D:1      | Bought a +0 war axe for 38 gold pieces
   648 | D:2      | Reached skill level 5 in Axes
   788 | D:2      | Reached XP level 3. HP: 31/31 MP: 2/2
   827 | D:2      | Reached ** piety under Trog
  1161 | D:2      | Identified the +5 sling "Guschapp" {flame, rC+}
  1550 | D:3      | Identified the +4 rapier of the Forest {drain, Str+5}
  1563 | D:3      | Reached skill level 6 in Axes
  1563 | D:3      | Reached XP level 4. HP: 22/39 MP: 3/3
  1771 | D:3      | Found a sparkling altar of Nemelex Xobeh.
  1872 | D:3      | Noticed Natasha
  1876 | D:3      | Killed Natasha
  1947 | D:3      | Noticed Natasha
  1953 | D:3      | Killed Natasha
  1954 | D:3      | Reached skill level 7 in Axes
  1954 | D:3      | Reached XP level 5. HP: 45/45 MP: 4/4
  2198 | D:3      | Noticed Sigmund
  2215 | D:3      | Killed Sigmund
  2216 | D:3      | Reached skill level 8 in Axes
  2216 | D:3      | Reached XP level 6. HP: 51/51 MP: 5/5
  2348 | D:3      | Noticed Natasha
  2355 | D:3      | Killed Natasha
  2448 | D:3      | Reached skill level 9 in Axes
  2825 | D:4      | Noticed Robin
  2855 | D:4      | Reached *** piety under Trog
  2862 | D:4      | Killed Robin
  3091 | D:4      | Found Zin's Purification Station.
  3096 | D:4      | Found a glowing silver altar of Zin.
  3107 | D:4      | Identified the +2 robe "Fesuacw" {rPois rC+ Str+2}
  3128 | D:4      | You fall into a shaft and drop 2 floors!
  3181 | D:5      | Entered Level 5 of the Dungeon
  3200 | D:5      | Reached XP level 7. HP: 57/57 MP: 6/6
  3224 | D:5      | Reached skill level 10 in Axes
  3368 | D:5      | Reached skill level 11 in Axes
  3648 | D:5      | Reached XP level 8. HP: 63/64 MP: 7/7
  3658 | D:5      | Reached skill level 12 in Axes
  3689 | D:5      | Noticed a two-headed ogre
  3695 | D:5      | Killed a two-headed ogre
  3696 | D:5      | Reached skill level 13 in Axes
  3701 | D:5      | Splashed by a jelly's acid

Illustrated notes

Levels and vault maps discovered:
D:1:      pf_arrival_petrified_forest, layout_rooms,
          hellmonk_ecumenical_altar_pennies_from_heaven, serial_shops, shop,
          shop, nicolae_shop_waterfront, nicolae_shop_bloodbath_and_beyond,
          nicolae_shop_advertising_works [nicolae_subvault_shop_adworks]
D:2:      layout_basic, hangedman_decor_lopped
D:3:      layout_basic, nemelex_altar_shiori, st_stairs_11,
          kennysheep_cluttered_room, uniq_sigmund, uniq_natasha
D:4:      layout_basic, nicolae_dithmenos_shadow_blocks,
          cheibrodos_ashenzari_chains, zin_purify, uniq_robin, uniq_eustachio,
          uniq_duvessa
D:5:      layout_loops_cross, minmay_diced_spiral
D:6:      layout_basic, kennysheep_mini, centaur_isle, uniq_grinder

Skill      XL: |  1  2  3  4  5  6  7  8 |
---------------+-------------------------+-----
Axes           | 4 5 6 7 8 9 11 13 | 13.7
Fighting       | |  3.6
Armour         | |  2.4
Dodging        | |  2.1

Action                   |  1- 3 |  4- 6 |  7- 9 || total
-------------------------+-------+-------+-------++-------
Melee: Hand axe          |    34 |       |       ||    34
       Headbutt          |    16 |    11 |     9 ||    36
       War axe           |    56 |    94 |    77 ||   227
       Punch             |       |     2 |       ||     2
Invok: Berserk           |       |     1 |     1 ||     2
Armor: Animal skin       |     8 |       |       ||     8
       Chain mail        |    35 |    40 |       ||    75
       Plate armour      |       |     1 |    77 ||    78
Dodge: Dodged            |    56 |    30 |    32 ||   118
